cohdb
Replays
Latest Replays
All Replays
Popular Replays
Top Player Replays
Match Explorer
How It Works
Community
CoH3 Stats
Reddit
Sign in to upload your games and track your stats! →
Sign in with Steam
Match 46629248
Unlisted
Match 46629248
Overview
Messages
Build Orders
End
Pioneer Squad
Construct Infanterie Kompanie
Selects Breakthrough Battlegroup
Selects Assault Grenadiers
Grenadier Squad
Grenadier Squad
MG 42 Machine Gun Team
Construct Luftwaffe Kompanie
Jäger Squad
Medical Bunker
Luftwaffe Officer Quarters
221 Scout Car
Support Elements
Selects Rapid Production
Selects Blitzkrieg
Marder III M Tank Destroyer
Jäger Squad
Construct Panzergrenadier Kompanie
Nebelwerfer 42 Rocket Launcher Team
Nebelwerfer 42 Rocket Launcher Team
Panzergrenadier Officer Quarters
Repair Bunker
Selects Tiger Heavy Tank
Tiger Heavy Tank
BlueSkidrow™ Legion
Deliri0us
Cpt Darling
jwalker987
0
0
Comments
sign in to comment!
No comments posted yet!